[ AOE2 MATCH · #507401550 ]
UnrankedMongols vs Huns
Player's team · LOSS
Rival team · WIN
[ REPLAY ANALYSIS · EXTRACTED FROM THE RECORDED GAME ]
Feudal
8:51
Castle
—
Imperial
—
| APM avg | 41.4 |
| APM peak | 56 |
| eAPM avg | 15.3 |
| Villagers / military | 19 / 1 |
Focus
⚔️ 34.2% · 🌾 65.8%
Scout Cavalry ×1
Feudal
9:16
Castle
—
Imperial
—
| APM avg | 119.2 |
| APM peak | 130 |
| eAPM avg | 66.4 |
| Villagers / military | 27 / 5 |
Focus
⚔️ 83.7% · 🌾 16.3%
Militia ×4 · Archer ×1
Match map
Initial resources + every placement click. Lines = walls · curves = elevation contours. ◆ gold · ⬟ stone · ● berries · ✦ relic · ◌ wall gap
Your base
LLaRLLi's base
Smoothed initial terrain · ◌ = detected wall gap · hover for details
Inputs per minute
— 巨大豚 - - LLaRLLi
Build order — 巨大豚
36 actions detected in the replay
| 0:01 | Create | Villager (Male) |
| 0:03 | Build | House |
| 0:05 | Build | House |
| 0:08 | Create | Villager (Male) |
| 0:24 | Create | Villager (Male) |
| 0:38 | Create | Villager (Male) |
| 1:27 | Create | Villager (Male) |
| 1:53 | Build | Lumber Camp |
| 2:04 | Create | Villager (Male) |
| 2:19 | Create | Villager (Male) |
| 2:49 | Create | Villager (Male) |
| 3:11 | Create | Villager (Male) |
| 3:34 | Create | Villager (Male) |
| 3:46 | Create | Villager (Male) |
| 3:49 | Build | House |
| 4:08 | Create | Villager (Male) |
| 4:34 | Create | Villager (Male) |
| 4:46 | Create | Villager (Male) |
| 5:17 | Create | Villager (Male) |
| 5:38 | Build | Mill |
| 5:53 | Research | Loom |
| 6:28 | Research | Feudal Age |
| 7:33 | Build | House |
| 7:58 | Build | Barracks |
| 8:51 | Age | Feudal Age |
| 8:58 | Build | Stable |
| 9:10 | Create | Villager (Male) |
| 9:26 | Create | Villager (Male) |
| 9:32 | Research | Double-Bit Axe |
| 9:41 | Build | House |
| 9:50 | Create | Scout Cavalry |
| 9:57 | Build | Palisade Wall |
| 10:08 | Create | Villager (Male) |
| 10:11 | Build | Palisade Wall |
| 10:13 | Build | Palisade Wall |
| 10:22 | Create | Villager (Male) |
Build order — LLaRLLi
45 actions detected in the replay
| 0:01 | Create | Villager (Male) |
| 0:01 | Create | Villager (Male) |
| 0:02 | Create | Villager (Male) |
| 0:11 | Create | Villager (Male) |
| 0:11 | Create | Villager (Male) |
| 0:11 | Create | Villager (Male) |
| 1:14 | Create | Villager (Male) |
| 1:14 | Create | Villager (Male) |
| 1:48 | Build | Lumber Camp |
| 1:55 | Create | Villager (Male) |
| 1:55 | Create | Villager (Male) |
| 2:20 | Create | Villager (Male) |
| 2:21 | Create | Villager (Male) |
| 2:50 | Create | Villager (Male) |
| 2:54 | Create | Villager (Male) |
| 2:54 | Create | Villager (Male) |
| 3:40 | Create | Villager (Male) |
| 3:40 | Create | Villager (Male) |
| 4:06 | Create | Villager (Male) |
| 4:27 | Create | Villager (Male) |
| 4:56 | Create | Villager (Male) |
| 4:57 | Create | Villager (Male) |
| 4:58 | Create | Villager (Male) |
| 5:04 | Create | Villager (Male) |
| 5:05 | Create | Villager (Male) |
| 5:16 | Build | Barracks |
| 6:20 | Research | Loom |
| 6:21 | Research | Loom |
| 6:43 | Research | Feudal Age |
| 6:43 | Research | Feudal Age |
| 7:04 | Create | Militia |
| 7:04 | Create | Militia |
| 7:04 | Create | Militia |
| 7:12 | Build | Mining Camp |
| 7:56 | Create | Militia |
| 8:14 | Create | Villager (Male) |
| 9:16 | Age | Feudal Age |
| 9:18 | Build | Archery Range |
| 9:19 | Research | Man-at-Arms (upgrade) |
| 9:19 | Research | Double-Bit Axe |
| 9:19 | Research | Double-Bit Axe |
| 9:33 | Create | Villager (Male) |
| 10:15 | Create | Archer |
| 10:19 | Build | Mill |
| 10:22 | Create | Villager (Male) |
Match timeline
| 5:16 | LLaRLLi · first_building Barracks |
| 7:58 | 巨大豚 · first_building Barracks |
| 8:51 | 巨大豚 · age_up feudal |
| 8:58 | 巨大豚 · first_building Stable |
| 9:16 | LLaRLLi · age_up feudal |
| 9:18 | LLaRLLi · first_building Archery Range |
| 9:57 | 巨大豚 · wall_segment Palisade Wall x1 |
| 10:11 | 巨大豚 · wall_segment Palisade Wall x1 |
| 10:13 | 巨大豚 · wall_segment Palisade Wall x1 |
| 10:29 | 巨大豚 · resign |
[ AI ANALYSIS · 1 CREDIT ]
What really happened in this match?
Wolo.gg analyzes every decision: build order, eco, micro, common mistakes by bracket. Personalized analysis on WhatsApp or Discord in 30 seconds.
Civ guide
Mongols
Perfil
Jugador #3075382